 Dungeon Crawl Stone Soup version 0.28.0-53-g5a82cb258f (webtiles) character file.

Game seed: 11445080563607303331

86 safid the Chopper (level 4, -6/40 HPs)
             Began as a Hill Orc Fighter on Aug 22, 2022.
             Mangled by Grinder (9 damage)
             ... while paralysed by Grinder
             ... on level 3 of the Dungeon.
             The game lasted 00:03:05 (2835 turns).

safid the Chopper (Hill Orc Fighter)                Turns: 2835, Time: 00:03:06

Health: -6/40      AC:  7    Str: 20    XL:     4   Next: 49%
Magic:  4/4        EV:  2    Int:  8    God:
Gold:   55         SH:  0    Dex: 10    Spells: 3/3 levels left

rFire   . . .      SeeInvis .   a - +0 war axe
rCold   . . .      Faith    .   c - +0 buckler
rNeg    . . .      Spirit   .   b - +0 scale mail
rPois   .          Reflect  .   (no helmet)
rElec   .          Harm     .   (no cloak)
rCorr   .          Rampage  .   (no gloves)
Will    .....                   (no boots)
Stlth   ..........              (no amulet)
HPRegen 0.13/turn               (no ring)
MPRegen 0.09/turn               (no ring)

@: paralysed
A: no striking features
a: no special abilities


You were on level 3 of the Dungeon.
You visited 1 branch of the dungeon, and saw 3 of its levels.

You collected 55 gold pieces.

Inventory:

Hand Weapons
 a - a +0 war axe (weapon)
Missiles
 f - 6 curare-tipped darts (quivered)
 k - 6 javelins
 l - 3 poisoned darts
Armour
 b - a +0 scale mail (worn)
 c - a +0 buckler (worn)
 j - a +0 helmet
Jewellery
 i - a ring of flight
Scrolls
 m - a scroll of noise {unknown}
 n - 2 scrolls of immolation {unknown}
 p - a scroll of amnesia {unknown}
 s - 2 scrolls of blinking {unknown}
Potions
 d - 2 potions of might
 e - 4 potions of mutation {unknown}
 g - a potion of heal wounds {unknown}
 h - 2 potions of degeneration {unknown}
 o - a potion of ambrosia {unknown}
 q - a potion of curing {unknown}
 r - a potion of flight {unknown}


   Skills:
 - Level 4.0 Fighting
 + Level 4.4 Axes
 - Level 4.0 Armour
 - Level 4.0 Shields


You had 3 spell levels left.
You didn't know any spells.
Your spell library was empty.

Dungeon Overview and Level Annotations

Branches:
Dungeon (3/15)

Altars:

Shops:
D:1 **[(*   D:3 :

Annotations:
D:3 Grinder


Message History

Grinder hits you but does no damage.
You slash Grinder!
Grinder is moderately wounded.
Grinder gestures at you.
You barely resist. You hit Grinder.
Grinder is moderately wounded.
Grinder hits you.
You writhe in agony.
You are too injured to fight recklessly!
You are too injured to fight recklessly!
You are too injured to fight recklessly!
You are too injured to fight recklessly!
You are too injured to fight recklessly!
You are too injured to fight recklessly!
You are too injured to fight recklessly!
You are too injured to fight recklessly!
You are too injured to fight recklessly!
You are too injured to fight recklessly!
You are too injured to fight recklessly!
You are too injured to fight recklessly!
You are too injured to fight recklessly!
You are too injured to fight recklessly!
You are too injured to fight recklessly!
You are too injured to fight recklessly!
You are too injured to fight recklessly!
You are too injured to fight recklessly!
Unknown command.
You closely miss Grinder.
Grinder is moderately wounded.
Grinder hits you.
You writhe in agony.
* * * LOW HITPOINT WARNING * * *
Grinder gestures at you.
You suddenly lose the ability to move!
Grinder hits you but does no damage. Grinder gestures at you.
Pain shoots through your body!
* * * LOW HITPOINT WARNING * * *
Grinder barely misses you. Grinder hits you!
You die...

######### #.......#
### #.#####.####
#.. # #.##.......#
#.# ####.
#.##.##.##.# #.#
......##.##.##.##.#
#.#
#....5@....##.##.#
#.#
##...##.......##.##
#.# ##.
#########...###.# #
##.....##.#
#.......#..
##(....#### ##...##
####.## ##.##.# ##


You could see Grinder.

Vanquished Creatures
  2 adders (D:2)
  2 worms (D:2)
  2 dart slugs
  5 endoplasms
  3 giant cockroaches
  2 hobgoblins
  11 jackals
  3 kobolds
  A quokka (D:1)
  6 ball pythons
  A bat (D:2)
  8 goblins
  3 rats
49 creatures vanquished.

Notes
Turn   | Place    | Note
-------+----------+-------------------------------------------
     0 | D:1      | safid the Hill Orc Fighter began the quest for the Orb.
     0 | D:1      | Reached XP level 1. HP: 19/19 MP: 1/1
    85 | D:1      | Found Laarus's General Store.
   213 | D:1      | Reached XP level 2. HP: 19/27 MP: 2/2
   354 | D:1      | Found Duocrenn's General Store.
   381 | D:1      | Found a faded altar of an unknown god.
   612 | D:1      | Found Pefial's Antique Armour Shop.
   635 | D:1      | Found Larufoel's General Store.
   678 | D:1      | Found Kiompouc's Weapon Boutique.
   682 | D:1      | Reached XP level 3. HP: 29/33 MP: 3/3
  1667 | D:2      | Reached XP level 4. HP: 35/40 MP: 4/4
  2620 | D:3      | Found Hirghaust's Book Shoppe.
  2817 | D:3      | Noticed Grinder
  2831 | D:3      | Paralysed by Grinder for 5 turns
  2833 | D:3      | HP: 2/40 [Grinder/nerve-wracking pain (7)]
  2835 | D:3      | Mangled by Grinder

Illustrated notes

Levels and vault maps discovered:
D:1:      sevenhm_arrival_forest_fort_large_4, layout_loops_cross, serial_shops,
          nicolae_shop_waterfront, nicolae_shop_temple_entry_statues_fountains,
          nicolae_diamond_shop, nicolae_shop_window_shopping, shop_fountains,
          nicolae_ecumenical_snake_handling, minmay_misc_feat_doors
D:2:      layout_basic
D:3:      layout_loops_corners, serial_shops, nicolae_shop_hallway_stairs,
          uniq_grinder

Skill      XL: |  1  2  3  4 |
---------------+-------------+-----
Axes           | 3 4 |  4.4
Fighting       | 4 |  4.0
Armour         | 4 |  4.0
Shields        | 4 |  4.0

Action                   |  1- 3 |  4- 6 || total
-------------------------+-------+-------++-------
Melee: War axe           |    97 |    46 ||   143
Armor: Scale mail        |    38 |    13 ||    51
Dodge: Dodged            |    47 |    20 ||    67
Block: Buckler           |    23 |    12 ||    35
